cohdb
Replays
Latest Replays
All Replays
Popular Replays
Top Player Replays
Match Explorer
How It Works
Community
CoH3 Stats
Reddit
Sign in to upload your games and track your stats! →
Sign in with Steam
Match 45967270
Unlisted
Match 45967270
Overview
Messages
Build Orders
End
Panzergrenadier Squad
250 Light Carrier
Selects Italian Infantry
250 Light Carrier
Construct Light Support Kompanie
MG34 Team
Combat Half-tracks
Construct Mechanized Kompanie
Selects Defensive Operations
254 Reconnaissance Tractor
Support Armor Elements
Panzerjäger Mechanized Group
Panzerjäger Squad
Selects Guastatori Squad
Selects L6/40 Light Tank Combat Group
Construct Panzerarmee Kommand
Veteran Squad Leaders
Fullbloodwolf
我是你的幺爸
alexvanil4o
TheDaycreeper
Serial Chiller
premierboii
Aconite
牛牛
0
0
Comments
sign in to comment!
No comments posted yet!